 Dungeon Crawl Stone Soup version 0.22.1-1-ga44c0e5 (webtiles) character file.

243892 jerryfan the Peltast (level 19, -5/187 HPs)
             Began as a Gargoyle Fighter on Oct 15, 2018.
             Was the Champion of Okawaru.
             Killed by divine providence
             ... invoked by a daeva
              (12 damage)
             ... on level 3 of the Abyss.
             The game lasted 02:00:23 (31035 turns).

jerryfan the Peltast (Gargoyle Fighter)            Turns: 31035, Time: 02:00:25

Health: -5/187     AC: 46    Str: 32    XL:     19   Next: 43%
Magic:  22/22      EV:  7    Int: 19    God:    Okawaru [******]
Gold:   2337       SH: 20    Dex:  9    Spells: 18/18 levels left

rFire    + + .     SeeInvis +   v - +4 morningstar "Eblolibb" {drain, +Inv}
rCold    . . .     Gourm    .   c - +0 shield
rNeg     + + .     Faith    .   x - +6 chain mail {rF+}
rPois    ∞         Spirit   .   n - +1 helmet
rElec    +         Reflect  +   z - +2 cloak {MR+}
rCorr    .         Harm     .   i - +1 pair of gloves of Fanaticism {Int+6}
MR       ++...                  U - +1 pair of boots of Instinct {rN+ Int+3 Stlth+}
Stlth    ..........             M - +5 amulet of reflection
HPRegen  0.41/turn              m - ring of see invisible
MPRegen  0.18/turn              y - ring of protection from fire

@: berserking (expiring), flying, constricted, very quick
A: big wings, negative energy resistance 1, electricity resistance, unbreathing,
petrification resistance, rot immunity, subdued magic 1, AC +14
}: 2/15 runes: decaying, serpentine
a: Stop Flying, Heroism, Finesse, Renounce Religion, Evoke Invisibility


You were on level 3 of the Abyss.
You worshipped Okawaru.
Okawaru was exalted by your worship.
You were not hungry.

You visited 7 branches of the dungeon, and saw 30 of its levels.
You visited the Abyss 1 time.
You also visited: Sewer, Ice Cave and Volcano.

You collected 3000 gold pieces.
You spent 663 gold pieces at shops.

Inventory:

Hand Weapons
 g - the +6 great mace of Yroimorr {holy, rElec}
   (Okawaru gifted it to you on level 4 of the Lair of Beasts)

   It has been blessed by the Shining One to cause great damage to the undead
   and demons.
   It insulates you from electricity.
 v - the +4 morningstar "Eblolibb" (weapon) {drain, +Inv}
   (Okawaru gifted it to you on level 5 of the Lair of Beasts)

   A truly terrible weapon, it drains the life of those it strikes.
   It lets you turn invisible.
Missiles
 a - 18 javelins of penetration
 b - 10 poisoned tomahawks
 h - 8 poisoned javelins
 I - 6 throwing nets
 R - 6 steel javelins (quivered)
 S - 3 silver javelins
 W - 3 silver tomahawks
Armour
 c - a +0 shield (worn)
 i - the +1 pair of gloves of Fanaticism (worn) {Int+6}
   (Okawaru gifted it to you on level 1 of the Snake Pit)

   It affects your intelligence (+6).
 n - a +1 helmet (worn)
 x - a +6 chain mail of fire resistance (worn)
 z - a +2 cloak of magic resistance (worn)
 U - the +1 pair of boots of Instinct (worn) {rN+ Int+3 Stlth+}
   (You found it on level 3 of the Lair of Beasts)

   It affects your intelligence (+3).
   It protects you from negative energy.
   It makes you more stealthy.
Jewellery
 e - an uncursed ring of ice
 m - a ring of see invisible (left hand)
 y - a ring of protection from fire (right hand)
 M - a +5 amulet of reflection (around neck)
 O - an uncursed ring of fire
Wands
 D - a wand of paralysis (11)
 E - a wand of acid (6)
 G - a wand of polymorph (23)
 J - a wand of flame (77)
 N - a wand of digging (31)
 Q - a wand of random effects (29)
 T - a wand of iceblast (23)
Scrolls
 k - 2 scrolls of torment
 o - 4 scrolls of fog
 p - 2 scrolls of enchant weapon
 r - 2 scrolls of teleportation
 t - 4 scrolls of immolation
 B - 2 scrolls of identify
 F - 6 scrolls of remove curse
 X - a scroll of blinking
 Y - a scroll of silence
Potions
 d - 3 potions of might
 j - 6 potions of mutation
 l - 2 potions of berserk rage
 w - 3 potions of lignification
 A - a potion of invisibility
 C - a potion of cancellation
 H - a potion of haste
 L - a potion of resistance
 V - a potion of agility
Comestibles
 f - 48 rations


   Skills:
 * Level 16.1 Fighting
 * Level 15.9 Maces & Flails
 + Level 10.4 Throwing
 * Level 16.2 Armour
 - Level 1.6 Dodging
 - Level 2.3 Stealth
 * Level 16.6 Shields
 - Level 5.3 Invocations
 - Level 0.3 Evocations


You had 18 spell levels left.
You didn't know any spells.
Your spell library contained the following spells:

 Spells                   Type           Power        Failure   Level  Hunger
 Magic Dart               Conj           #...         47%         1    ##.....
 Sting                    Conj/Pois      #...         47%         1    ##.....
 Summon Butterflies       Summ           #.......     47%         1    ##.....
 Summon Small Mammal      Summ           #...         47%         1    ##.....
 Blink                    Tloc           N/A          61%         2    ###....
 Call Imp                 Summ           #.......     61%         2    ###....
 Poisonous Vapours        Pois/Air       #.....       61%         2    ###....
 Slow                     Hex            #.......     61%         2    ###....
 Call Canine Familiar     Summ           #.......     85%         3    ####...
 Conjure Flame            Conj/Fire      #.......     85%         3    ####...
 Mephitic Cloud           Conj/Pois/Air  #.......     85%         3    ####...
 Summon Guardian Golem    Hex/Summ       #.......     85%         3    ####...
 Olgreb's Toxic Radiance  Pois           #.......     99%         4    #####..
 Summon Ice Beast         Ice/Summ       #.......     99%         4    #####..
 Summon Lightning Spire   Summ/Air       #.......     99%         4    #####..
 Bolt of Magma            Conj/Fire/Erth #.........   100%        5    ######.
 Iskenderun's Battlesphe  Conj/Chrm      #.......     100%        5    ######.
 Summon Mana Viper        Hex/Summ       #.......     100%        5    ######.
 Venom Bolt               Conj/Pois      #.........   100%        5    ######.
 Freezing Cloud           Conj/Ice/Air   #.........   100%        6    #######
 Iron Shot                Conj/Erth      #.........   100%        6    #######
 Orb of Destruction       Conj           #.........   100%        7    #######
 Ring of Flames           Chrm/Fire      #.........   100%        7    #######
 Spellforged Servitor     Conj/Summ      #.........   100%        7    #######
 Summon Hydra             Summ           #.........   100%        7    #######


Dungeon Overview and Level Annotations

Branches:
Dungeon (12/15)            Temple (1/1) D:5            Lair (6/6) D:10
  Swamp (4/4) Lair:4        Snake (4/4) Lair:2        Slime (0/5) Lair:6
    Orc (2/2) D:11            Elf (1/3) Orc:2

Altars:
Ashenzari
Cheibriados
Dithmenos
Elyvilon
Fedhas
Gozag
Hepliaklqana
Kikubaaqudgha
Makhleb
Nemelex Xobeh
Okawaru
Qazlal
Ru
Sif Muna
Trog
Uskayaw
Vehumet
Wu Jian
Xom
Yredelemnul
Zin
Beogh

Shops:
D:9 *   Orc:1 [   Orc:2 [:(??   Snake:4 :

Annotations:
D:1 exclusion: downstairs
D:3 1 runed door
D:6 exclusion: downstairs
D:12 Maurice, Snorg
Lair:4 Rupert
Snake:3 exclusion: downstairs


Innate Abilities, Weirdness & Mutations

You are resistant to torment.
Your stone body is resilient. (AC +14)
You are immune to poison.
Your large and strong wings let you fly indefinitely.
You resist negative energy. (rN+)
You are resistant to electric shocks. (rElec)
You can survive without breathing.
You are immune to petrification.
You are immune to rotting.
Your spells are a little easier to cast, but a little less powerful.


Message History

The blink frog blinks!
You block the rakshasa's attack. You block the anaconda zombie's attack.
A daeva comes into view.
It is wielding a scimitar of holy wrath.
The anaconda zombie bites you.
* * * LOW HITPOINT WARNING * * *
Press: ? - help, v - describe, . - travel
Here: a daeva, wielding a scimitar of holy wrath and wearing a large shield The floor.
You spit the anaconda zombie like a pig!!!
You destroy the anaconda zombie!
The anaconda zombie barely misses you. The anaconda zombie constricts you.
The rakshasa blinks!
You block the death drake's attack.
The rakshasa hits you from afar with a trident.
* * * LOW HITPOINT WARNING * * *
You escape the anaconda zombie's grasp.
The anaconda zombie grabs you.
The anaconda zombie bites you but does no damage.
The anaconda zombie constricts you. The rakshasa closely misses you.
The daeva calls down the wrath of the Shining One upon you.
The Shining One smites you!
You die...

... ≈#. # ≈.
. #.# .# .F
#.##
F##R..#.# #
####k§......
...#..Z.#
.#..##Z@#
.....§RX.#
#.#.#.Fww# .
#.#....# ##
R....## ## #
.........#
## # ##
...####..A.
.## ..# .
.#. #.#. .
.#. . . . .
## ... .####
#


You could see a daeva, a tentacled starspawn, a death drake, 3 rakshasas, 3
blink frogs, 2 starspawn tentacles and 2 anaconda zombies.

Vanquished Creatures
  the Lernaean hydra (Swamp:4)
  Nikola (Snake:1)
  Frances (Swamp:1)
  Kirke (Snake:1)
  A tentacled starspawn (Abyss:3)
  Agnes (Snake:3)
  9 nagarajas
  2 thorn hunters
  A very ugly thing (IceCv)
  Azrael (Orc:2)
  An ettin (Orc:2)
  Fannar (Lair:1)
  18 hydras
  12 naga warriors
  Harold (D:9)
  A catoblepas (Lair:6)
  9 alligators
  Erica (D:8)
  9 anacondas
  2 two-headed ogres
  A dancing weapon (Volcano)
  A deep troll shaman (Lair:6)
  5 death yaks (Lair:6)
  An ogre mage (Orc:2)
  Urug (Lair:2)
  3 naga sharpshooters
  5 shock serpents
  A spriggan (Swamp:2)
  Nergalle (Lair:1)
  A deep elf knight (Elf:1)
  2 salamander mystics (Snake:4)
  A wretched star (Abyss:3)
  A spriggan druid (Swamp:4)
  8 sea snakes (Snake:4)
  5 wizards (Volcano)
  7 swamp dragons (Swamp:4)
  Pikel (D:6)
  8 naga ritualists
  10 mana vipers
  10 orc sorcerers (Orc:2)
  A deep elf mage (D:11)
  A cyclops (D:11)
  An ugly thing (D:11)
  7 salamanders
  A manticore (Lair:3)
  6 guardian serpents (Snake:4)
  17 elephants
  2 ice statues (Snake:4)
  33 black mambas
  5 toenail golems (Volcano)
  14 naga magi
  Psyche (D:8)
  Joseph (D:9)
  5 komodo dragons
  14 spiny frogs
  2 rime drakes
  5 kobold demonologists
  An efreet (Abyss:3)
  2 polar bears
  A queen bee (Lair:3)
  5 trolls
  11 tyrant leeches
  A hornet (Swamp:2)
  17 bog bodies
  14 slime creatures
  5 blink frogs (Lair:3)
  16 dream sheep
  6 hippogriffs
  2 shadows
  A dire elephant simulacrum (IceCv)
  A water elemental (Elf:1)
  31 yaks
  4 basilisks
  4 wyverns
  4 fire elementals
  A hungry ghost (D:12)
  22 vampire mosquitoes
  A chaos spawn (Abyss:3)
  Menkaure (D:5)
  2 iron troll simulacra (IceCv)
  3 wargs (D:11)
  A harpy simulacrum (IceCv)
  54 nagas
  27 insubstantial wisps
  A hydra simulacrum (IceCv)
  A large abomination (Abyss:3)
  16 swamp worms
  11 water moccasins
  6 hell hounds
  An acid dragon (D:11)
  7 porcupines
  14 orc warriors
  A hornet zombie (D:8)
  12 swamp drakes
  2 sky beasts
  An eye of draining (D:10)
  8 ice beasts
  A black bear (Lair:6)
  2 phantoms
  A black mamba simulacrum (Abyss:3)
  13 wolves
  7 ogres
  5 centaurs
  19 crocodiles
  11 bullfrogs
  5 big kobolds
  A water moccasin zombie (D:9)
  A scorpion (D:6)
  2 wyvern skeletons
  33 killer bees
  9 wights
  An electric eel (Lair:6)
  4 howler monkeys
  2 crimson imps
  A bullfrog zombie (D:12)
  6 bullfrog skeletons
  5 jellies
  2 quasits
  A centaur zombie (D:6)
  14 orc priests
  7 hounds
  36 orc wizards
  Ijyb (D:5)
  7 hell rats (Lair:3)
  3 iguanas
  11 worker ants
  3 small abominations (Abyss:3)
  A hound skeleton (D:6)
  2 worker ant zombies
  3 gnolls
  A howler monkey skeleton (D:8)
  26 adders
  2 shadow imps
  8 oozes
  An adder zombie (D:9)
  2 adder skeletons (D:9)
  7 worms
  4 dart slugs
  4 leopard geckos
  63 orcs
  7 ball pythons
  8 bats
  6 giant cockroaches
  7 goblins
  9 hobgoblins
  15 jackals
  18 kobolds
  4 quokkas
  3 frilled lizards
  A jackal skeleton (D:5)
  A leopard gecko skeleton (D:7)
  A quokka zombie (D:8)
  9 rats
  A fungus (Lair:6)
  2 starspawn tentacles (Abyss:3)
1012 creatures vanquished.

Vanquished Creatures (collateral kills)
  A killer bee (Lair:3)
1 creature vanquished.

Vanquished Creatures (others)
  A naga warrior (Snake:4)
  A naga sharpshooter (Snake:3)
  A hornet (Swamp:1)
  5 dream sheep (Lair:6)
  A spriggan (Swamp:1)
  2 humans (Snake:1)
  A crocodile (Lair:6)
  2 orc wizards (Orc:2)
  2 orcs
  A bush (Lair:6)
  13 fungi
  A lurking horror (Abyss:3)
  7 plants
  8 starspawn tentacles (Abyss:3)
46 creatures vanquished.

Grand Total: 1059 creatures vanquished

Notes
Turn   | Place    | Note
-------+----------+-------------------------------------------
     0 | D:1      | jerryfan the Gargoyle Fighter began the quest for the Orb.
     0 | D:1      | Reached XP level 1. HP: 14/14 MP: 1/1
    63 | D:1      | Reached XP level 2. HP: 15/19 MP: 2/2
   307 | D:1      | You fall through a shaft!
   344 | D:2      | Reached XP level 3. HP: 19/23 MP: 3/3
   641 | D:1      | Reached XP level 4. HP: 25/29 MP: 4/4
  1064 | D:2      | Noticed an ogre
  1126 | D:2      | Found an ornate altar of the Wu Jian Council.
  1174 | D:2      | Found a blossoming altar of Fedhas.
  1299 | D:2      | Reached skill level 1 in Throwing
  1387 | D:2      | Found a deep blue altar of Sif Muna.
  1416 | D:2      | Found a white marble altar of Elyvilon.
  1525 | D:3      | Reached XP level 5. HP: 28/33 MP: 5/5
  1543 | D:3      | Found a stormy altar of Qazlal.
  1543 | D:3      | Found a hide-covered altar of Uskayaw.
  1543 | D:3      | Found a sparkling altar of Nemelex Xobeh.
  1766 | D:3      | Found an opulent altar of Gozag.
  1766 | D:3      | Found a glowing silver altar of Zin.
  1867 | D:3      | Found a faded altar of an unknown god.
  1964 | D:3      | Found a runed door.
  2096 | D:3      | Reached XP level 6. HP: 37/38 MP: 6/6
  2233 | D:4      | Reached skill level 5 in Shields
  2281 | D:4      | Found a burning altar of Makhleb.
  2281 | D:4      | Noticed a blizzard demon
  2611 | D:4      | Reached XP level 7. HP: 43/43 MP: 7/7
  2797 | D:4      | Found a glowing drain.
  2826 | Sewer    | Entered a sewer
  2906 | Sewer    | Reached skill level 5 in Maces & Flails
  3311 | Sewer    | Reached skill level 1 in Dodging
  3424 | Sewer    | Reached XP level 8. HP: 48/48 MP: 8/8
  3789 | D:5      | Entered Level 5 of the Dungeon
  4007 | D:5      | Reached skill level 5 in Armour
  4121 | D:5      | Noticed Menkaure
  4134 | D:5      | Killed Menkaure
  4558 | D:5      | Found a staircase to the Ecumenical Temple.
  4569 | Temple   | Entered the Ecumenical Temple
  4591 | Temple   | Became a worshipper of Warmaster Okawaru
  4738 | D:5      | Noticed Ijyb
  4742 | D:5      | Paralysed by Ijyb for 2 turns
  4746 | D:5      | Paralysed by Ijyb for 5 turns
  4754 | D:5      | Killed Ijyb
  5514 | D:6      | Noticed Pikel
  5540 | D:6      | Killed Pikel
  5540 | D:6      | Reached * piety under Okawaru
  5540 | D:6      | Reached skill level 5 in Fighting
  5540 | D:6      | Reached skill level 1 in Stealth
  5540 | D:6      | Reached XP level 9. HP: 50/54 MP: 9/9
  5550 | D:6      | Found a bloodstained altar of Trog.
  6108 | D:7      | Found a stormy altar of Qazlal.
  6351 | D:7      | Reached ** piety under Okawaru
  6726 | D:8      | Found a glowing silver altar of Zin.
  6736 | D:8      | Noticed Psyche
  6787 | D:8      | Killed Psyche
  6787 | D:8      | Reached XP level 10. HP: 17/60 MP: 10/10
  7036 | D:8      | Reached *** piety under Okawaru
  7139 | D:8      | Noticed a kobold demonologist
  7161 | D:8      | Killed a kobold demonologist
  7242 | D:8      | Noticed Erica
  7816 | D:9      | Noticed Joseph
  7851 | D:9      | Killed Joseph
  7851 | D:9      | Reached **** piety under Okawaru
  8121 | D:9      | Found Fiottah's Assorted Antiques.
  8128 | D:9      | Bought a scroll labeled UCHUDW XOUQU for 28 gold pieces
  8271 | D:9      | Noticed Harold
  8282 | D:9      | Killed Harold
  8282 | D:9      | Reached ***** piety under Okawaru
  8282 | D:9      | Received a gift from Okawaru
  8571 | D:8      | Killed Erica
  8571 | D:8      | Reached XP level 11. HP: 64/68 MP: 11/11
  8589 | D:10     | Entered Level 10 of the Dungeon
  8616 | D:10     | Got a brightly glowing war axe
  8645 | D:10     | Noticed a two-headed ogre
  8653 | D:10     | You fall through a shaft!
  8692 | D:11     | Reached skill level 5 in Throwing
  8962 | D:11     | Received a gift from Okawaru
  9052 | D:11     | Noticed a deep elf mage
  9074 | D:11     | Killed a deep elf mage
  9276 | D:11     | Noticed a brown ugly thing
  9292 | D:11     | Killed a brown ugly thing
  9302 | D:11     | Noticed a cyclops
  9324 | D:11     | Killed a cyclops
  9366 | D:11     | Reached skill level 10 in Maces & Flails
  9454 | D:10     | Received a gift from Okawaru
  9653 | D:10     | Killed a two-headed ogre
  9653 | D:10     | Reached skill level 10 in Shields
  9900 | D:10     | Found a staircase to the Lair.
 10001 | D:11     | Identified the +0 war axe of Lewkall {speed, rElec} (You
                  | found it on level 10 of the Dungeon)
 10162 | D:11     | Found a staircase to the Orcish Mines.
 10407 | D:12     | Reached XP level 12. HP: 72/76 MP: 12/12
 10439 | D:12     | Noticed Maurice
 10441 | D:12     | Noticed Snorg
 10495 | Lair:1   | Entered Level 1 of the Lair of Beasts
 10495 | Lair:1   | Noticed Nergalle
 10505 | Lair:1   | Killed Nergalle
 10566 | Lair:1   | Received a gift from Okawaru
 10647 | Lair:1   | Noticed Fannar
 10676 | Lair:1   | Killed Fannar
 11059 | Lair:1   | Reached skill level 10 in Armour
 11482 | Lair:2   | Reached skill level 10 in Fighting
 11828 | Lair:2   | Reached ****** piety under Okawaru
 11911 | Lair:2   | Noticed Urug
 11934 | Lair:2   | Killed Urug
 11972 | Lair:2   | Found a staircase to the Snake Pit.
 12836 | Lair:3   | Reached XP level 13. HP: 72/83 MP: 11/13
 12865 | Lair:3   | Received a gift from Okawaru
 12919 | Lair:3   | Got a pair of scorched boots
 12921 | Lair:3   | Identified the +1 pair of boots of Instinct {rN+ Int+3
                  | Stlth+} (You found it on level 3 of the Lair of Beasts)
 13941 | Lair:4   | Found a staircase to the Swamp.
 14060 | Lair:4   | Received a gift from Okawaru
 14391 | Lair:4   | Identified the +6 great mace of Yroimorr {holy, rElec}
                  | (Okawaru gifted it to you on level 4 of the Lair of Beasts)
 14613 | Lair:4   | Noticed Rupert
 14784 | Lair:5   | Received a gift from Okawaru
 14813 | Lair:5   | Got a twisted morningstar {god gift}
 14814 | Lair:5   | Identified the +4 morningstar "Eblolibb" {drain, +Inv}
                  | (Okawaru gifted it to you on level 5 of the Lair of Beasts)
 14952 | Lair:5   | Found a dark tunnel.
 15030 | Volcano  | Entered a volcano
 15096 | Volcano  | Paralysed by a wizard for 3 turns
 15163 | Volcano  | Gained mutation: Your large and strong wings let you fly
                  | indefinitely. [Gargoyle growth]
 15163 | Volcano  | Reached XP level 14. HP: 91/91 MP: 14/14
 15294 | Volcano  | Paralysed by a wizard for 4 turns
 15897 | Lair:6   | Entered Level 6 of the Lair of Beasts
 16069 | Lair:6   | Received a gift from Okawaru
 16407 | Lair:6   | Identified the cursed +1 mace of Bilauwup {crush, +Rage}
                  | (You found it on level 6 of the Lair of Beasts)
 16490 | Lair:6   | Found a staircase to the Slime Pits.
 16866 | Lair:6   | Identified the ring "Sazxemai" {*Slow rPois MP+9 Dex+5
                  | Stlth+} (You found it on level 6 of the Lair of Beasts)
 16873 | Lair:6   | Identified the +3 ring mail of Cloud Cover {*Contam +Fly
                  | rElec rN++} (You found it on level 6 of the Lair of Beasts)
 17189 | Orc:1    | Entered Level 1 of the Orcish Mines
 17191 | Orc:1    | Found Boyrixt's Antique Armour Shoppe.
 17514 | Orc:2    | Entered Level 2 of the Orcish Mines
 17514 | Orc:2    | Found a staircase to the Elven Halls.
 17592 | Orc:2    | Noticed Azrael
 17616 | Orc:2    | Killed Azrael
 17616 | Orc:2    | Received a gift from Okawaru
 17989 | Orc:2    | Found a radiant altar of Vehumet.
 18377 | Orc:2    | Found Yfauc's Book Emporium.
 18411 | Orc:2    | Found an ancient bone altar of Kikubaaqudgha.
 18422 | Orc:2    | Reached XP level 15. HP: 97/97 MP: 15/15
 18422 | Orc:2    | Paralysed by an orc sorcerer for 5 turns
 18434 | Orc:2    | Paralysed by an orc sorcerer for 4 turns
 18749 | Orc:2    | Found Makuipha's Magic Scroll Shoppe.
 18777 | Orc:2    | Found a roughly hewn altar of Beogh.
 18777 | Orc:2    | Found Vifol's Antique Weapon Shoppe.
 18820 | Orc:2    | Found Putuxt's Magic Scroll Emporium.
 18843 | Orc:2    | Bought a scroll of identify for 24 gold pieces
 18843 | Orc:2    | Bought a scroll of blinking for 90 gold pieces
 18847 | Orc:2    | Bought a scroll of random uselessness for 12 gold pieces
 18847 | Orc:2    | Bought a scroll of silence for 90 gold pieces
 18889 | Orc:2    | Found a radiant altar of Vehumet.
 18971 | Orc:2    | Bought a scroll of torment for 112 gold pieces
 18971 | Orc:2    | Bought a scroll of blinking for 112 gold pieces
 19022 | Orc:2    | Found Joevvepy's Antique Armour Shop.
 19030 | Orc:2    | Bought an embroidered cloak for 195 gold pieces
 19256 | Snake:1  | Entered Level 1 of the Snake Pit
 19256 | Snake:1  | Noticed Nikola
 19276 | Snake:1  | Killed Nikola
 19276 | Snake:1  | Received a gift from Okawaru
 19593 | Snake:1  | You are sucked into a shaft!
 20202 | Snake:2  | Received a gift from Okawaru
 20523 | Snake:2  | Noticed a nagaraja
 20543 | Snake:2  | Killed a nagaraja
 21265 | Snake:3  | Received a gift from Okawaru
 21494 | Snake:3  | Noticed Agnes
 21529 | Snake:3  | Killed Agnes
 21529 | Snake:3  | Reached XP level 16. HP: 102/105 MP: 16/16
 21974 | Snake:4  | Entered Level 4 of the Snake Pit
 22026 | Snake:4  | Found a frozen archway.
 22296 | IceCv    | Entered an ice cave
 22335 | IceCv    | Received a gift from Okawaru
 22736 | Snake:4  | Noticed a nagaraja
 22772 | Snake:4  | Killed a nagaraja
 22811 | Snake:4  | HP: 7/160 [naga mage/spear (3)]
 23263 | Snake:4  | Noticed a nagaraja
 23263 | Snake:4  | Noticed a nagaraja
 23289 | Snake:4  | Noticed a nagaraja
 23322 | Snake:4  | Killed a nagaraja
 23322 | Snake:4  | Reached skill level 15 in Shields
 23770 | Snake:4  | Killed a nagaraja
 23770 | Snake:4  | Received a gift from Okawaru
 23804 | Snake:4  | Noticed a nagaraja
 24048 | Snake:4  | Killed a nagaraja
 24171 | Snake:4  | Noticed a nagaraja
 24198 | Snake:4  | Killed a nagaraja
 24211 | Snake:4  | Killed a nagaraja
 24264 | Snake:4  | Found Razuelui's Book Boutique.
 24454 | Snake:4  | Reached XP level 17. HP: 111/112 MP: 17/17
 24521 | Snake:4  | Reached skill level 15 in Armour
 24796 | Snake:4  | Reached skill level 15 in Fighting
 24863 | Snake:4  | Reached skill level 15 in Maces & Flails
 24866 | Snake:4  | Got a serpentine rune of Zot
 24986 | Snake:1  | Found a hazy altar of Hepliaklqana.
 25020 | Snake:1  | Noticed Kirke
 25030 | Snake:1  | Killed Kirke
 25037 | Snake:1  | Received a gift from Okawaru
 25038 | Snake:1  | Got a pair of bloodstained gloves {god gift}
 25050 | Snake:1  | Identified the +1 pair of gloves of Fanaticism {Int+6}
                  | (Okawaru gifted it to you on level 1 of the Snake Pit)
 25515 | Swamp:1  | Entered Level 1 of the Swamp
 26095 | Swamp:1  | Noticed Frances
 26125 | Swamp:1  | Killed Frances
 26387 | Swamp:1  | Found a white marble altar of Elyvilon.
 27418 | Swamp:2  | Reached skill level 10 in Throwing
 28145 | Swamp:3  | Found the +7 captain's cutlass {speed, disarm}
 28511 | Swamp:4  | Entered Level 4 of the Swamp
 28748 | Swamp:4  | Received a gift from Okawaru
 28850 | Swamp:4  | Received a gift from Okawaru
 28850 | Swamp:4  | Reached XP level 18. HP: 104/120 MP: 18/18
 29445 | Swamp:3  | Received a gift from Okawaru
 29942 | Swamp:4  | Noticed the 27-headed Lernaean hydra
 30003 | Swamp:4  | Killed the 27-headed Lernaean hydra
 30003 | Swamp:4  | Received a gift from Okawaru
 30395 | Swamp:4  | Got a decaying rune of Zot
 30751 | Elf:1    | Entered Level 1 of the Elven Halls
 30797 | Elf:1    | Cast into level 3 of the Abyss (a deep elf sorcerer)
 30797 | Abyss:3  | Found a corrupted altar of Lugonu.
 30803 | Abyss:3  | Gained mutation: Your spells are a little easier to cast,
                  | but a little less powerful. [a cacodemon]
 30809 | Abyss:3  | Reached skill level 5 in Invocations
 30809 | Abyss:3  | Reached XP level 19. HP: 55/125 MP: 1/22
 31034 | Abyss:3  | HP: 6/187 [rakshasa (illusionary)/trident (4)]
 31035 | Abyss:3  | Killed from afar by a daeva

Skill      XL: |  1  2  3  4  5  6  7  8  9 10 11 12 13 14 15 16 17 18 |
---------------+-------------------------------------------------------+-----
Shields        | 4 5 6 7 9 10 11 12 13 14 15 16 | 16.6
Throwing       | 1 2 3 4 5 6 7 8 9 10 | 10.4
Maces & Flails | 3 4 5 7 8 9 10 11 12 13 14 15 | 15.9
Armour         | 4 5 6 8 9 10 11 13 14 15 16 | 16.2
Fighting       | 4 5 6 7 9 10 11 12 13 14 15 16 | 16.1
Dodging        | 1 |  1.6
Stealth        | 1 2 |  2.3
Invocations    | 5 |  5.3
Evocations     | |  0.3

Action                   |  1- 3 |  4- 6 |  7- 9 | 10-12 | 13-15 | 16-18 | 19-21 || total
-------------------------+-------+-------+-------+-------+-------+-------+-------++-------
Melee: Flail             |   153 |   276 |   449 |       |       |       |       ||   878
       Whip              |       |       |   146 |  1189 |   464 |       |       ||  1799
       Morningstar       |       |       |       |       |  1095 |  1575 |    97 ||  2767
Throw: Throwing net      |       |       |       |     4 |       |       |       ||     4
       Javelin           |       |       |       |     3 |     1 |    20 |       ||    24
       Tomahawk          |       |       |       |     2 |       |     3 |       ||     5
 Abil: Fly               |       |       |       |       |     1 |       |       ||     1
Evoke: Wand              |       |       |     4 |     1 |     3 |    12 |       ||    20
  Use: Scroll            |       |       |    13 |    11 |    14 |    14 |     2 ||    54
       Potion            |       |       |       |     9 |     6 |    20 |     5 ||    40
 Stab: Paralysed         |       |       |    10 |       |       |       |       ||    10
       Invisible         |       |       |     1 |       |       |     1 |       ||     2
  Eat: Chunk             |       |     6 |    12 |    24 |    23 |     7 |       ||    72
       Ration            |       |       |     1 |       |     2 |     8 |       ||    11
Armor: Scale mail        |   106 |   215 |   252 |   156 |       |       |       ||   729
       Chain mail        |       |       |       |   381 |   754 |  1064 |    73 ||  2272
       Skin              |       |       |       |       |       |    36 |       ||    36
Dodge: Dodged            |    48 |   126 |   166 |   287 |   343 |   418 |    31 ||  1419
Block: Shield            |    88 |   187 |   275 |   598 |  1301 |  1576 |   134 ||  4159
       Reflection        |       |       |       |       |    33 |    76 |     2 ||   111
